 Dungeon Crawl Stone Soup version 0.30-a0-459-g9104f0fc43 (webtiles) character file.

Game seed: 4786682417058874968

9979 tilp the Geomancer (level 11, -1/72 HPs)
             Began as a Gargoyle Earth Elementalist on Dec 12, 2022.
             Was a Believer of Sif Muna.
             Slain by a killer bee (8 damage)
             ... on level 9 of the Dungeon on Dec 15, 2022.
             The game lasted 00:17:39 (8944 turns).

tilp the Geomancer (Gargoyle Earth Elementalist)    Turns: 8944, Time: 00:17:40

Health: -1/72      AC: 12    Str: 11    XL:     11   Next: 55%
Magic:  9/33       EV: 13    Int: 27    God:    Sif Muna [**....]
Gold:   358        SH:  0    Dex: 10    Spells: 18/28 levels left

rFire   . . .      SeeInvis .    b - +1 halberd (flame)
rCold   . . .      Faith    .    (shield currently unavailable)
rNeg    + . .      Spirit   .    f - +0 robe
rPois   ∞          Reflect  .    n - +0 helmet
rElec   +          Harm     .    o - +0 cloak
rCorr   .          Rampage  .    (no gloves)
Will    .....                    (no boots)
Stlth   ++........               d - amulet of regeneration
HPRegen 1.12/turn                p - +6 ring of intelligence
MPRegen 0.23/turn                B - ring of magical power

@: studying 2 skills
A: sickness immunity, AC +8, negative energy resistance 1, electricity
resistance, torment resistance 1, petrification resistance
a: Renounce Religion, Channel Magic


You were on level 9 of the Dungeon.
You worshipped Sif Muna.
Sif Muna was pleased with you.
You visited 1 branch of the dungeon, and saw 9 of its levels.
You also visited: Bailey.

You collected 1462 gold pieces.
You spent 1104 gold pieces at shops.

Inventory:

Hand Weapons
 a - a +0 whip of freezing
 b - a +1 halberd of flaming (weapon)
 w - a +0 quarterstaff
 x - a +1 hand axe of venom
 J - a +3 halberd
 K - a +4 halberd
 L - a +0 glaive
 M - a +2 bardiche of protection
Missiles
 e - 74 stones
 E - 2 poisoned darts (quivered)
 O - 5 boomerangs
Armour
 f - a +0 robe (worn)
 n - a +0 helmet (worn)
 o - a +0 cloak (worn)
Jewellery
 d - an amulet of regeneration (around neck)
 p - a +6 ring of intelligence (left hand)
 y - a ring of protection from cold
 B - a ring of magical power (right hand)
Wands
 C - a wand of flame (8)
 P - a wand of paralysis (5)
Scrolls
 j - a scroll of noise
 l - a scroll of teleportation
 q - 5 scrolls of immolation
 r - 2 scrolls of poison
 s - 2 scrolls of blinking {unknown}
 t - a scroll of brand weapon {unknown}
 A - a scroll of magic mapping {unknown}
 H - a scroll of amnesia {unknown}
 R - 2 scrolls of torment {unknown}
 S - a scroll of enchant weapon {unknown}
Potions
 c - 3 potions of lignification
 g - 4 potions of haste
 h - a potion of brilliance {unknown}
 i - 5 potions of flight
 k - a potion of ambrosia {unknown}
 m - 2 potions of heal wounds
 u - 5 potions of curing
 v - 2 potions of magic
 z - 2 potions of berserk rage
 D - 3 potions of attraction {unknown}
 F - 3 potions of mutation
 G - 2 potions of might {unknown}
 I - a potion of resistance {unknown}


   Skills:
 + Level 10.1 Fighting
 + Level 1.0 Polearms
 + Level 6.1 Dodging
 - Level 4.0 Stealth
 - Level 9.0 Spellcasting
 - Level 4.0 Conjurations
 - Level 2.0 Transmutations
 - Level 13.0 Earth Magic
 + Level 1.7 Invocations
 + Level 4.2 Evocations


You had 18 spell levels left.
You knew the following spells:

 Your Spells              Type           Power      Damage    Failure   Level
a - Sandblast             Erth           100%       2d20      1%          1
b - Passwall              Tmut/Erth      42%        N/A       1%          2
c - Stone Arrow           Conj/Erth      100%       3d13      1%          3
d - Petrify               Tmut/Erth      51%        N/A       2%          4

Your spell library contained the following spells:

 Spells                   Type           Power      Damage    Failure   Level
 Magic Dart               Conj           100%       1d8       1%          1
 Wereblood                Tmut           22%        N/A       3%          2
 Apportation              Tloc           24%        N/A       4%          1
 Necrotise                Necr           48%        1d6       4%          1
 Summon Small Mammal      Summ           48%        N/A       4%          1
 Ensorcelled Hibernation  Hex/Ice        24%        N/A       7%          2
 Swiftness                Air            12%        N/A       14%         3
 Vhi's Electric Charge    Tloc/Air       24%        N/A       14%         3
 Arcjolt                  Conj/Air       11%        1d21      50%         5
 Summon Hydra             Summ           6%         N/A       100%        7
 Maxwell's Capacitive Co  Air            6%         ∞         100%        8
 Sublimation of Blood     Necr           Unusable   N/A       N/A         2

Dungeon Overview and Level Annotations

Branches:
Dungeon (9/15)             Temple (0/1) D:6          Bailey (visited)
   Lair: D:8-11         Orc: D:9-12

Altars:
Hepliaklqana
Kikubaaqudgha
Makhleb
Okawaru
Qazlal
Ru
Sif Muna
Uskayaw
Vehumet
Wu Jian
Zin

Shops:
D:1 :   D:2 *


Innate Abilities, Weirdness & Mutations

You are immune to sickness and miasma.
Your stone body is resilient. (AC +8)
You are immune to poison.
You resist negative energy. (rN+)
You are resistant to electric shocks. (rElec)
You are resistant to unholy torment.
You are immune to petrification.


Message History

Unknown command.
Casting: Petrify (dangerous; 2% risk of failure)
Confirm with . or Enter, or press ? or * to list all spells.
Aiming: Petrify (dangerous; 2% risk of failure)
Press: ? - help, Shift-Dir - straight line, f - killer bee, p - killer bee
Aim: a killer bee (chance to affect: 78%)
The killer bee is moving more slowly.
The killer bee closely misses you. The killer bee barely misses you.
The killer bee stings you but does no damage.
Unknown command.
The killer bee attacks as you move away!
The killer bee stings you!
* * * LOW HITPOINT WARNING * * *
The killer bee stings you.
* * * LOW HITPOINT WARNING * * *
Unknown command.
Casting: Petrify (dangerous; 2% risk of failure)
Confirm with . or Enter, or press ? or * to list all spells.
Aiming: Petrify (dangerous; 2% risk of failure)
Press: ? - help, Shift-Dir - straight line, f - killer bee, p - killer bee
Aim: a killer bee (chance to affect: 78%)
The killer bee is moving more slowly.
The killer bee stops moving altogether!
Unknown command.
The killer bee attacks as you move away!
The killer bee stings you.
* * * LOW HITPOINT WARNING * * *
The killer bee stings you but does no damage.
The killer bee attacks as you move away!
The killer bee stings you but does no damage.
The killer bee closely misses you.
The killer bee stings you but does no damage. x2
The killer bee attacks as you move away!
The killer bee stings you but does no damage.
The killer bee attacks as you move away!
The killer bee stings you.
* * * LOW HITPOINT WARNING * * *
The killer bee stings you but does no damage.
The killer bee attacks as you move away!
The killer bee stings you!
You die...

###...##.#y.##....#
##..#..##y.#..# ##....####....#
##........###...#
#..>######...y...### ##..#
##...Y.....# #..# #...Y......#
########.#########y.........#####
..<.........)...@yy..............
######..#####)...y..........#####
#..## #.).####..........# #..##
#)### ##........## #.. ...
#..........# ### ####
#..........# #............
#..........### #..........#


You could see 2 yaks and 5 killer bees.

Vanquished Creatures
  Erica (D:8)
  A centaur warrior (D:8)
  Pikel (D:4)
  2 orc knights (Bailey)
  2 yaks (D:9)
  2 steam dragons (D:8)
  Menkaure (D:7)
  2 water moccasins
  11 orc warriors
  3 ice beasts
  5 sky beasts
  2 black bears
  3 centaurs
  2 ogres
  4 bullfrogs
  A scorpion (D:6)
  A gnoll sergeant (D:6)
  8 wights
  4 killer bees (D:8)
  3 jellies
  2 hounds
  An orc priest (D:6)
  2 gnoll boudas
  4 iguanas
  8 orc wizards
  24 gnolls
  4 adders
  A shadow imp (D:7)
  2 white imps
  2 ufetubi
  A worm (D:2)
  5 dart slugs
  35 orcs
  6 ball pythons
  6 endoplasms
  5 giant cockroaches
  6 goblins
  6 hobgoblins
  6 jackals
  6 quokkas
  5 bats
  4 frilled lizards
  5 kobolds
  6 rats
211 creatures vanquished.

Vanquished Creatures (others)
  2 fungi (D:3)
  A plant (D:9)
3 creatures vanquished.

Grand Total: 214 creatures vanquished

Notes
Turn   | Place    | Note
-------+----------+-------------------------------------------
     0 | D:1      | tilp the Gargoyle Earth Elementalist began the quest for
                  | the Orb.
     0 | D:1      | Reached XP level 1. HP: 10/10 MP: 3/3
    79 | D:1      | Reached XP level 2. HP: 9/16 MP: 0/5
   357 | D:1      | Reached skill level 1 in Fighting
   479 | D:1      | Reached XP level 3. HP: 20/20 MP: 6/6
   860 | D:1      | Found a faded altar of an unknown god.
   876 | D:1      | Reached skill level 4 in Earth Magic
   946 | D:1      | Found Cohas's Vocational Training.
  1086 | D:1      | Learned a level 2 spell: Passwall
  1090 | D:1      | Learned a level 3 spell: Stone Arrow
  1159 | D:2      | Reached XP level 4. HP: 22/25 MP: 1/7
  1244 | D:2      | Found Iny Igiroeh's Assorted Antiques.
  1599 | D:2      | You fall into a shaft and drop 2 floors!
  1653 | D:4      | Noticed an ogre
  1657 | D:4      | Killed an ogre
  1658 | D:4      | Reached skill level 1 in Conjurations
  1658 | D:4      | Reached XP level 5. HP: 9/31 MP: 4/9
  1958 | D:4      | Noticed Pikel
  1959 | D:4      | Noticed a lemure
  1962 | D:4      | Killed Pikel
  1963 | D:4      | Reached skill level 6 in Earth Magic
  1963 | D:4      | Reached XP level 6. HP: 38/38 MP: 1/10
  1963 | D:4      | Reached XP level 7. HP: 43/43 MP: 1/11
  2546 | D:2      | Bought a scroll labelled NEOXAL XIQUOPT for 25 gold pieces
  2546 | D:2      | Bought a scroll labelled HUCIULOJERUE for 25 gold pieces
  2546 | D:2      | Bought a scroll labelled ASMIULI EMURPH for 25 gold pieces
  2546 | D:2      | Bought a scroll labelled EHIAME PETUSOLURCH for 25 gold
                  | pieces
  2550 | D:2      | Reached skill level 5 in Dodging
  2550 | D:2      | Reached skill level 11 in Earth Magic
  2550 | D:2      | Reached XP level 8. HP: 53/53 MP: 12/17
  2551 | D:2      | Reached skill level 12 in Earth Magic
  2551 | D:2      | Reached XP level 9. HP: 60/60 MP: 12/20
  3036 | D:3      | Found a sacrificial altar of Ru.
  3720 | D:2      | Bought a fizzy golden potion for 22 gold pieces
  3720 | D:2      | Bought a sapphire potion for 22 gold pieces
  3777 | D:5      | Entered Level 5 of the Dungeon
  3806 | D:4      | Reached XP level 10. HP: 53/66 MP: 8/21
  4190 | D:5      | Learned a level 4 spell: Petrify
  4261 | D:5      | Reached skill level 1 in Transmutations
  4347 | D:6      | Found a hide-covered altar of Uskayaw.
  4348 | D:6      | Found a burning altar of Makhleb.
  4357 | D:6      | Found a glowing silver altar of Zin.
  4405 | D:6      | Found a stormy altar of Qazlal.
  4405 | D:6      | Found an iron altar of Okawaru.
  4406 | D:6      | Found a hazy altar of Hepliaklqana.
  4407 | D:6      | Found an ornate altar of the Wu Jian Council.
  4659 | D:6      | Found a radiant altar of Vehumet.
  4662 | D:6      | Got Vehumet's Catalogue of Battling
  4664 | D:6      | Found an ancient bone altar of Kikubaaqudgha.
  4665 | D:6      | Found a shimmering blue altar of Sif Muna.
  4688 | D:6      | Found a staircase to the Ecumenical Temple.
  4714 | D:6      | Became a worshipper of Sif Muna the Loreminder
  5047 | D:7      | Noticed Menkaure
  5052 | D:7      | Reached skill level 1 in Evocations
  5054 | D:7      | Killed Menkaure
  5296 | D:7      | Found a flagged portal.
  5306 | Bailey   | Entered a bailey
  5346 | Bailey   | Upgraded the game from 0.30-a0-457-g4b7bca3bfa to
                  | 0.30-a0-459-g9104f0fc43
  5506 | Bailey   | Reached * piety under Sif Muna
  6117 | Bailey   | Noticed an orc knight
  6117 | Bailey   | Noticed an orc knight
  6148 | Bailey   | Killed an orc knight
  6149 | Bailey   | Reached skill level 13 in Earth Magic
  6175 | Bailey   | Killed an orc knight
  6380 | Bailey   | Reached XP level 11. HP: 64/72 MP: 23/23
  7066 | D:8      | Noticed Erica
  7070 | D:8      | Killed Erica
  7071 | D:8      | Reached skill level 10 in Fighting
  7711 | D:8      | Noticed a centaur warrior
  7741 | D:8      | Killed a centaur warrior
  8131 | D:8      | Reached ** piety under Sif Muna
  8609 | D:1      | Acquired 1084 gold pieces
  8611 | D:1      | Bought a manual of Invocations for 960 gold pieces
  8881 | D:9      | Reached skill level 1 in Invocations
  8927 | D:9      | Reached skill level 1 in Polearms
  8944 | D:9      | Slain by a killer bee

Illustrated notes

Levels and vault maps discovered:
D:1:      sevenhm_arrival_forest_fort_large_2, layout_basic,
          ebering_ecumenical_altar_mist, interstate_on_off, corner_web_ring,
          nicolae_shop_vocational
D:2:      layout_loops_ring, serial_shops, nicolae_diamond_shop,
          minmay_split_cup_large
D:3:      layout_basic, nicolae_ru_sacrificial_ziggurat, serial_bayou_pond_c,
          dreamdust_mushroom_princess
D:4:      layout_basic, uniq_pikel
D:5:      layout_rooms
D:6:      layout_cave_pools, grunt_temple_overflow_magic_moments, minitemple,
          minmay_temple_entry_mist
D:7:      layout_cave_pods, enter_bailey_7, uniq_menkaure
D:8:      wad_arrow_thing, layout_basic, nicolae_sextant,
          chequers_serial_rivers_room_b, uniq_erica
D:9:      layout_rooms, dpeg_oklobed_lair

Skill      XL: |  1  2  3  4  5  6  7  8  9 10 11 |
---------------+----------------------------------+-----
Fighting       | 1 2 4 7 9 10 | 10.1
Earth Magic    | 4 6 11 12 13 | 13.0
Dodging        | 2 5 6 |  6.1
Stealth        | 3 4 |  4.0
Spellcasting   | 3 6 7 8 9 |  9.0
Conjurations   | 1 2 3 4 |  4.0
Transmutations | 2 |  2.0
Evocations     | 2 4 |  4.2
Invocations    | 1 |  1.7
Polearms       | 1 |  1.0

Action                   |  1- 3 |  4- 6 |  7- 9 | 10-12 || total
-------------------------+-------+-------+-------+-------++-------
Melee: Unarmed           |    20 |       |       |       ||    20
       Quarterstaff      |    41 |    27 |       |       ||    68
       Halberd           |       |       |    58 |   154 ||   212
       Whip              |       |       |    36 |       ||    36
Throw: Stone             |       |       |       |     3 ||     3
       Dart              |       |       |       |     1 ||     1
 Cast: Sandblast         |    30 |    16 |     4 |    30 ||    80
       Stone Arrow       |       |     1 |    11 |   122 ||   134
       Petrify           |       |       |       |     5 ||     5
Evoke: Wand              |       |       |       |     3 ||     3
  Use: Scroll            |       |       |     8 |     7 ||    15
       Potion            |       |       |     2 |       ||     2
 Stab: Sleeping          |     3 |     2 |     3 |     3 ||    11
       Petrified         |       |       |       |     3 ||     3
Armor: Robe              |    38 |    19 |    43 |   116 ||   216
Dodge: Dodged            |    90 |    16 |    90 |   206 ||   402

Table legend: (Time is in decaauts)
 A = Elapsed time spent in this place.
 B = Non-inter-level travel time spent in this place.
 C = Inter-level travel time spent in this place.
 D = Time resting spent in this place.
 E = Time spent auto-exploring this place.
 F = Levels seen in this place.
 G = Mean time per level.
                   A        B        C        D        E       F      G
               +--------+--------+--------+--------+--------+-----+--------+
         Total |   9239 |   8340 |    899 |   1189 |   5216 |  10 |  923.9 |
       Dungeon |   7943 |   7044 |    899 |    473 |   5073 |   9 |  882.6 |
        Bailey |   1295 |   1295 |      0 |    716 |    142 |   1 | 1295.0 |
               +--------+--------+--------+--------+--------+-----+--------+

Top non-repeatable levels by time:
     D:8: 1447 daAuts
  Bailey: 1295 daAuts
     D:4: 1274 daAuts
     D:1: 1228 daAuts
     D:7: 977 daAuts
     D:2: 945 daAuts
     D:6: 785 daAuts
     D:3: 685 daAuts
     D:5: 464 daAuts
     D:9: 134 daAuts
